 Dungeon Crawl Stone Soup version 0.30-a0-571-gdf30a72648 (webtiles) character file.

Game seed: 8416603399937971729

119984 Jase the Unforgettable (level 16, -3/128 HPs)
             Began as a Hill Orc Monk on Dec 28, 2022.
             Was the Champion of Hepliaklqana.
             Slain by a culicivora (18 damage)
             ... on level 2 of the Lair of Beasts on Dec 29, 2022.
             The game lasted 02:09:06 (30433 turns).

Jase the Unforgettable (Hill Orc Monk)             Turns: 30433, Time: 02:09:07

Health: -3/128     AC: 26    Str: 22    XL:     16   Next: 81%
Magic:  31/31      EV:  8    Int:  7    God:    Hepliaklqana [******]
Gold:   1803       SH:  0    Dex: 18    Spells: 15/15 levels left

rFire   + + +      SeeInvis .    a - +3 battleaxe (flame)
rCold   + . .      Faith    .    (shield currently unavailable)
rNeg    + . .      Spirit   .    Q - +4 plate armour {rF+}
rPois   +          Reflect  .    U - -2 hat of the Alchemist {rElec rPois rF+ rC+ rN+ Will+ rMut rCorr}
rElec   +          Harm     .    e - +0 cloak
rCorr   +          Rampage  .    X - +2 pair of gloves
rMut    +                        F - +0 pair of boots
Will    ++...                    t - amulet "Tenopp" {RegenMP rElec Regen+} Stlth
                                 B - ring of flight
HPRegen 1.21/turn                M - ring of Mubladi {rF+ Int-3 Dex+5 Slay+3 Stlth+}
MPRegen 0.62/turn

@: flying
A: reduced essence
a: Renounce Religion, Recall Ancestor, Ancestor Identity, Transference, Idealise


You were on level 2 of the Lair of Beasts.
You worshipped Hepliaklqana.
Hepliaklqana was exalted by your worship.
You visited 5 branches of the dungeon, and saw 25 of its levels.
You visited the Abyss 1 time.
You also visited: Gauntlet.

You collected 2643 gold pieces.
You spent 840 gold pieces at shops.

Inventory:

Hand Weapons
 a - a +3 battleaxe of flaming (weapon)
 c - the +8 spear "Lix Heiv" {antimagic, rElec rC- Dex+8}
   (You found it on level 2 of the Lair of Beasts)

   It reduces the magical energy of the wielder, and disrupts the spells and
   magical abilities of those it strikes.
   Natural abilities and divine invocations are not affected.
   Dex:       It affects your dexterity (+8).
   rC:        It makes you vulnerable to cold.
   rElec:     It insulates you from electricity.
Missiles
 r - 43 poisoned darts (quivered)
 w - 6 silver javelins
 y - 3 curare-tipped darts
 G - 2 throwing nets
Armour
 e - a +0 cloak (worn)
 F - a +0 pair of boots (worn)
 Q - a +4 plate armour of fire resistance (worn)
 U - the -2 hat of the Alchemist (worn) {rElec rPois rF+ rC+ rN+ Will+ rMut rCorr}
   (You found it on level 4 of the Lair of Beasts)

   rF:        It protects you from fire.
   rC:        It protects you from cold.
   rElec:     It insulates you from electricity.
   rPois:     It protects you from poison.
   rN:        It protects you from negative energy.
   rCorr:     It protects you from acid and corrosion.
   rMut:      It protects you from mutation.
   Will:      It increases your willpower.
 X - a +2 pair of gloves (worn)
Jewellery
 f - a ring of poison resistance
 o - a +4 ring of protection
 t - the amulet "Tenopp" (around neck) {RegenMP rElec Regen+}
   (You found it on level 2 of the Shoals)

   [amulet of magic regeneration]

   It increases your rate of magic regeneration.
   rElec:     It insulates you from electricity.
   Regen:     It increases your rate of health regeneration.
 B - a ring of flight (left hand)
 H - a ring of ice
 M - the ring of Mubladi (right hand) {rF+ Int-3 Dex+5 Slay+3 Stlth+}
   (You found it in a Gauntlet)

   [ring of protection from fire]

   Int:       It affects your intelligence (-3).
   Dex:       It affects your dexterity (+5).
   Slay:      It affects your accuracy & damage with ranged weapons and melee
   (+3).
   rF:        It protects you from fire.
   Stlth:     It makes you more stealthy.
 T - a ring of see invisible
Wands
 i - a wand of flame (27)
 x - a wand of quicksilver (2)
 D - a wand of polymorph (10)
 J - a wand of paralysis (7)
 L - a wand of mindburst (11)
 O - a wand of digging (11)
 P - a wand of roots (8)
Scrolls
 d - a scroll of butterflies
 h - 2 scrolls of teleportation
 m - 3 scrolls of magic mapping
 q - 8 scrolls of fog
 v - 4 scrolls of poison
 I - a scroll of fear
 R - 3 scrolls of blinking
 S - 8 scrolls of identify
Potions
 g - 3 potions of brilliance
 j - 2 potions of invisibility
 l - 4 potions of flight
 n - 17 potions of curing
 p - 2 potions of haste
 s - 3 potions of attraction
 u - 2 potions of resistance
 z - a potion of cancellation
 A - 3 potions of lignification
 C - 4 potions of magic
 E - 3 potions of mutation
 K - 3 potions of ambrosia
 V - a potion of might
 W - 3 potions of heal wounds
Miscellaneous
 N - a phial of floods


   Skills:
 + Level 13.0 Fighting
 - Level 20.0 Axes
 + Level 15.3 Armour
 - Level 2.4 Dodging
 - Level 1.5 Stealth
 + Level 22.0 Invocations
 + Level 7.1 Evocations


You had 15 spell levels left.
You didn't know any spells.
Your spell library contained the following spells:

 Spells                   Type           Power      Damage    Failure   Level
 Beastly Appendage        Tmut           0%         N/A       99%         1
 Freeze                   Ice            0%         1d3       99%         1
 Ensorcelled Hibernation  Hex/Ice        0%         N/A       99%         2
 Passwall                 Tmut/Erth      0%         N/A       99%         2
 Wereblood                Tmut           0%         N/A       99%         2
 Frozen Ramparts          Ice            0%         1d1       100%        3
 Gell's Gravitas          Tloc           0%         N/A       100%        3
 Hailstorm                Conj/Ice       0%         3d3       100%        3
 Spider Form              Tmut/Pois      0%         N/A       100%        3
 Swiftness                Air            0%         N/A       100%        3
 Vhi's Electric Charge    Tloc/Air       0%         N/A       100%        3
 Cause Fear               Hex            0%         N/A       100%        4
 Ice Form                 Ice/Tmut       0%         N/A       100%        4
 Arcjolt                  Conj/Air       0%         1d10      100%        5
 Simulacrum               Ice/Necr       0%         N/A       100%        6
 Dragon Form              Tmut           0%         N/A       100%        7
 Borgnjor's Revivificati  Necr           0%         N/A       100%        8
 Maxwell's Capacitive Co  Air            0%         ∞         100%        8
 Necromutation            Tmut/Necr      0%         N/A       100%        8
 Chain Lightning          Conj/Air       0%         N/A       100%        9
 Death's Door             Necr           0%         N/A       100%        9
 Dragon's Call            Summ           0%         N/A       100%        9
 Fire Storm               Conj/Fire      0%         5d1       100%        9
 Shatter                  Erth           0%         3d5*      100%        9


Dungeon Overview and Level Annotations

Branches:
Dungeon (14/15)            Temple (0/1) D:7            Lair (5/5) D:11
 Shoals (3/4) Lair:2       Spider (1/4) Lair:2        Slime (0/5) Lair:5
    Orc (2/2) D:10            Elf (0/3) Orc:2        Vaults (0/5) D:14
Gauntlet (visited)

Altars:
Cheibriados
Dithmenos
Hepliaklqana
Makhleb
Qazlal
Ru
Uskayaw
Vehumet
Wu Jian
Yredelemnul
Jiyva
Lugonu

Shops:
D:2 *   D:9 =   Orc:2 (:*(

Portals:
Abyss: Lair:5

Annotations:
D:10 3 runed translucent doors, porpoise's ghost, journeyman BaSu
Lair:3 6 exclusions
Shoals:3 Bai Suzhen
Orc:2 3 runed translucent doors, bmack86's ghost, journeyman MiFi


Message History

You slice the steelbarb worm!! You burn the steelbarb worm.
You hit the redback. You burn the redback. The redback misses you.
The steelbarb worm hits you but does no damage.
The culicivora bites you!!
The culicivora draws strength from your injuries!
The redback bites you but does no damage.
You barely miss the culicivora.
The culicivora is lightly wounded.
You barely miss the redback.
You hit the steelbarb worm but do no damage.
The culicivora bites you but does no damage.
The steelbarb worm hits you but does no damage.
The jumping spider leaps!
The culicivora bites you!
The culicivora draws strength from your injuries!
The redback bites you.
You closely miss the culicivora. You closely miss the redback.
You hit the steelbarb worm.
You kill the steelbarb worm!
The culicivora bites you!!
The culicivora draws strength from your injuries!
The jumping spider leaps!
The redback misses you.
You hit the culicivora. You burn the culicivora.
The culicivora is lightly wounded.
You slice the redback!! You burn the redback.
You kill the redback!
The culicivora bites you!!
* * * LOW HITPOINT WARNING * * *
The culicivora draws strength from your injuries!
The culicivora bites you!
* * * LOW HITPOINT WARNING * * *
The culicivora draws strength from your injuries!
You slice the culicivora!! You burn the culicivora!
The culicivora is heavily wounded.
The culicivora bites you but does no damage.
You hit the culicivora. You burn the culicivora.
The culicivora is severely wounded.
The culicivora bites you.
* * * LOW HITPOINT WARNING * * *
The culicivora bites you!!
You die...

#.........#P.....<.##.##
#...................##.#######
.............................#
................^.#..........#
.............^..##..#........#
...........##.^###^.........##
..........####..^.#.##......###
............#.#†s..#..........#
...........^.#^#@#####........#
......(....^#.##..##^.........#
...........###.#^°..#^.......P#
.....P.#.....#.#s#............# #
##...###....^..^..............###
.###.# #......#.^.#.°............
#..#####........................#
.##..##........P.................
#..##.......?................)...


You could see a culicivora (berserk) and a jumping spider.

Vanquished Creatures
  An Executioner (Abyss:2)
  A tentacled starspawn (Abyss:2)
  A kraken (Shoals:2)
  A quicksilver ooze (Gauntlet)
  A minotaur (Gauntlet)
  A green death (D:14)
  2 merfolk javelineers
  3 merfolk impalers (Shoals:2)
  3 vault guards (D:14)
  A catoblepas (Lair:5)
  4 hydras
  2 ogre magi (Orc:2)
  9 two-headed ogres
  3 centaur warriors (D:14)
  3 thrashing horrors
  A tengu warrior (D:14)
  A soul eater (Abyss:2)
  3 wretched stars (Abyss:2)
  5 skeletal warriors (D:13)
  A steelbarb worm (Lair:2)
  A sea snake (Shoals:2)
  11 harpies
  A harpy (shapeshifter) (D:13)
  Pikel (D:7)
  8 ugly things
  A wizard (Gauntlet)
  An oklob plant (Lair:3)
  12 fauns
  5 manticores
  3 large abominations (Abyss:2)
  A guardian serpent (Abyss:2)
  A cyclops (D:13)
  3 merfolk sirens
  3 elephants (Lair:5)
  3 smoke demons
  2 black mambas (Lair:4)
  5 cane toads
  7 komodo dragons
  2 unseen horrors
  A kobold demonologist (D:9)
  A freezing wraith (Abyss:2)
  2 ancient zymes (Lair:5)
  A meliai (shapeshifter) (D:11)
  A merfolk (Shoals:1)
  4 trolls
  A wind drake (shapeshifter) (Lair:5)
  8 hornets
  3 snapping turtles
  3 dream sheep (Lair:4)
  5 slime creatures
  11 blink frogs
  A jumping spider (shapeshifter) (Lair:5)
  A centaur simulacrum (Abyss:2)
  7 raiju
  A water elemental (Shoals:2)
  A wyvern (Lair:1)
  2 vampires
  2 ynoxinuls
  2 wraiths
  21 yaks
  3 basilisks
  2 chaos spawn (Lair:5)
  5 small abominations
  2 vampire mosquitoes
  5 redbacks
  2 wargs
  2 swamp worms (Gauntlet)
  2 water moccasins
  8 orc warriors
  A sky beast (D:7)
  A black bear (D:6)
  18 ogres
  10 wolves
  7 centaurs
  Blork the orc (D:4)
  A kobold brigand (D:9)
  A lemure (D:7)
  2 necrophages
  5 bullfrogs
  Dowan (D:7)
  A wight (D:7)
  4 killer bees
  3 howler monkeys
  2 jellies
  6 orc priests
  2 iguanas
  Natasha (twice) (D:4)
  8 orc wizards
  11 hell rats
  4 gnolls
  2 adders (D:2)
  11 river rats
  A shadow imp (D:7)
  A white imp (Abyss:2)
  3 ufetubi
  29 orcs
  2 bats (D:1)
  3 endoplasms
  A giant cockroach (D:1)
  5 goblins
  2 hobgoblins
  A jackal (D:4)
  4 quokkas (Lair:2)
  2 ball pythons
  A frilled lizard (D:2)
  3 kobolds
  14 rats
  A starspawn tentacle (Abyss:2)
  A tentacle (Shoals:2)
406 creatures vanquished.

Vanquished Creatures (collateral kills)
  Rupert (Lair:5)
  A tentacled starspawn (Abyss:2)
  A very ugly thing (Abyss:2)
  3 merfolk impalers (Shoals:2)
  5 vault guards (D:14)
  2 ogre magi (Orc:2)
  2 hydras
  2 centaur warriors
  A merfolk avatar (Shoals:1)
  2 catoblepae
  A boulder beetle (D:12)
  5 two-headed ogres (Orc:2)
  A thrashing horror (Lair:5)
  3 sea snakes
  3 harpies
  An orc knight (Orc:2)
  A wizard (D:14)
  2 ugly things
  A cyclops (D:14)
  2 oklob plants (D:11)
  A faun (Shoals:2)
  3 manticores
  3 elephants (Lair:5)
  Joseph (D:7)
  2 cane toads
  2 black mambas
  A kobold demonologist (D:9)
  A rime drake (Lair:5)
  A komodo dragon (Lair:3)
  A harpy zombie (Abyss:2)
  2 trolls
  2 merfolk
  A hornet (Lair:2)
  A wind drake (Shoals:2)
  2 polar bears
  11 blink frogs
  4 slime creatures
  4 dream sheep (Lair:4)
  A snapping turtle (Shoals:1)
  A raiju (Abyss:2)
  A culicivora (Lair:2)
  A large abomination (Abyss:2)
  3 water elementals
  A shadow (D:11)
  4 basilisks
  7 yaks
  4 vampire mosquitoes
  2 acid dragons (D:11)
  Edmund (D:6)
  6 water moccasins
  Duvessa (D:7)
  A swamp drake (D:10)
  3 orc warriors
  A black bear (D:6)
  13 ogres
  7 centaurs
  A wolf (Lair:5)
  A phantom (D:7)
  5 kobold brigands (D:9)
  2 necrophages
  2 gnoll sergeants
  4 bullfrogs
  2 scorpions (D:5)
  2 wights (D:7)
  4 small abominations
  4 killer bees
  An electric eel (Lair:1)
  6 howler monkeys
  A quasit (Abyss:2)
  4 orc priests
  3 hounds
  An iguana (D:4)
  Ijyb (D:4)
  Natasha (D:4)
  5 hell rats
  5 orc wizards
  7 gnolls
  5 adders
  3 river rats
  A shadow imp (Gauntlet)
  2 white imps
  28 orcs
  2 bats
  3 endoplasms
  A goblin (D:3)
  7 hobgoblins
  2 jackals (D:4)
  6 kobolds
  5 quokkas
  A ball python (D:3)
  2 frilled lizards (D:2)
  8 rats
  3 tentacles (Shoals:2)
282 creatures vanquished.

Vanquished Creatures (others)
  A wolf (Lair:1)
  26 battlemagi
  28 fungi
  A lurking horror (Abyss:2)
  75 plants
  A starspawn tentacle (Abyss:2)
132 creatures vanquished.

Grand Total: 820 creatures vanquished

Notes
Turn   | Place    | Note
-------+----------+-------------------------------------------
     0 | D:1      | Jase the Hill Orc Monk began the quest for the Orb.
     0 | D:1      | Reached XP level 1. HP: 19/19 MP: 1/1
   159 | D:1      | Reached XP level 2. HP: 23/26 MP: 2/2
   380 | D:1      | Found a faded altar of an unknown god.
   386 | D:1      | Prayed at the altar of an unknown god.
   386 | D:1      | Became a worshipper of Hepliaklqana the Forgotten
   386 | D:1      | Reached * piety under Hepliaklqana
   386 | D:1      | Reached ** piety under Hepliaklqana
   387 | D:1      | Remembered your ancestor Mr. GhostOrbachev as a battlemage
   497 | D:1      | Reached skill level 5 in Axes
   544 | D:1      | Reached *** piety under Hepliaklqana
   627 | D:2      | Found Nodgh's General Store.
   681 | D:2      | Found a burning altar of Makhleb.
   701 | D:2      | Reached skill level 1 in Invocations
   701 | D:2      | Reached XP level 3. HP: 27/27 MP: 3/3
   765 | D:2      | Reached skill level 2 in Invocations
  1092 | D:2      | You fall into a shaft and drop 2 floors!
  1137 | D:3      | Reached XP level 4. HP: 35/35 MP: 5/5
  1484 | D:3      | Found a shadowy altar of Dithmenos.
  1484 | D:3      | Found a sacrificial altar of Ru.
  1489 | D:3      | Found a radiant altar of Vehumet.
  1490 | D:3      | Found a snail-covered altar of Cheibriados.
  1494 | D:3      | Found a basalt altar of Yredelemnul.
  1496 | D:3      | Found a hazy altar of Hepliaklqana.
  1501 | D:3      | Found an ornate altar of the Wu Jian Council.
  1565 | D:3      | Reached skill level 3 in Invocations
  1807 | D:3      | Reached XP level 5. HP: 40/40 MP: 7/7
  1914 | D:3      | Reached **** piety under Hepliaklqana
  2234 | D:4      | Noticed Natasha
  2244 | D:4      | Killed Natasha
  2247 | D:4      | Noticed Natasha
  2255 | D:4      | Killed Natasha
  2256 | D:4      | Reached skill level 4 in Invocations
  2299 | D:4      | Reached XP level 6. HP: 38/45 MP: 9/9
  2536 | D:4      | Noticed Ijyb
  2547 | D:4      | Killed Ijyb
  2548 | D:4      | Reached skill level 5 in Invocations
  2657 | D:4      | Noticed Natasha
  2661 | D:4      | Killed Natasha
  2728 | D:4      | Noticed Blork the orc
  2739 | D:4      | Killed Blork the orc
  2916 | D:4      | Reached skill level 6 in Invocations
  2916 | D:4      | Reached XP level 7. HP: 46/51 MP: 11/11
  3245 | D:5      | Entered Level 5 of the Dungeon
  3442 | D:5      | Reached skill level 7 in Invocations
  4032 | D:6      | Reached XP level 8. HP: 39/57 MP: 13/13
  4212 | D:6      | Reached skill level 8 in Invocations
  4233 | D:6      | Reached skill level 1 in Armour
  4477 | D:6      | Reached skill level 10 in Axes
  4687 | D:6      | Noticed Edmund
  4703 | D:6      | Killed Edmund
  4870 | D:6      | Reached ***** piety under Hepliaklqana
  5069 | D:6      | Reached skill level 9 in Invocations
  5306 | D:7      | Noticed Joseph
  5318 | D:7      | Killed Joseph
  5319 | D:7      | Reached XP level 9. HP: 63/63 MP: 10/16
  5522 | D:7      | Noticed Pikel
  5548 | D:7      | Killed Pikel
  5549 | D:7      | Reached skill level 5 in Armour
  5549 | D:7      | Reached skill level 10 in Invocations
  5581 | D:7      | Found a staircase to the Ecumenical Temple.
  5600 | D:7      | Noticed Dowan
  5601 | D:7      | Noticed Duvessa
  5610 | D:7      | Killed Dowan
  5617 | D:7      | Killed Duvessa
  5815 | D:7      | Reached skill level 11 in Invocations
  6513 | D:8      | Noticed a two-headed ogre
  6534 | D:8      | Killed a two-headed ogre
  6535 | D:8      | Reached skill level 5 in Fighting
  6535 | D:8      | Reached XP level 10. HP: 36/72 MP: 18/18
  7161 | D:9      | Reached skill level 12 in Invocations
  7537 | D:9      | Found Hihir's Jewellery Boutique.
  7654 | D:9      | Noticed a kobold demonologist
  7674 | D:9      | Killed a kobold demonologist
  7687 | D:9      | Noticed a kobold demonologist
  7697 | D:9      | Killed a kobold demonologist
  7965 | D:9      | Found a stormy altar of Qazlal.
  7969 | D:9      | Found a hide-covered altar of Uskayaw.
  8233 | D:10     | Entered Level 10 of the Dungeon
  8476 | D:10     | Reached XP level 11. HP: 77/77 MP: 20/20
  8801 | D:10     | Found a runed translucent gate.
  8801 | D:10     | Found a runed translucent gate.
  8801 | D:10     | Found a runed translucent gate.
  8802 | D:10     | Noticed porpoise's ghost (journeyman BaSu)
  8839 | D:10     | Reached skill level 13 in Invocations
  8918 | D:10     | Found a staircase to the Orcish Mines.
  9228 | D:11     | Found a staircase to the Lair.
  9234 | D:11     | Noticed an oklob plant
  9238 | D:11     | Noticed an oklob plant
  9525 | D:11     | Noticed Lodul
  9527 | D:11     | Lodul changed into Lodul the shapeshifter
  9527 | D:11     | Noticed Lodul
  9528 | D:11     | Lodul the shapeshifter changed into Lodul the polar bear
  9528 | D:11     | Noticed Lodul (shapeshifter)
  9530 | D:11     | Lodul the polar bear changed into Lodul the meliai
  9530 | D:11     | Noticed Lodul (shapeshifter)
  9540 | D:11     | Killed Lodul the meliai
  9877 | D:11     | Noticed a purple ugly thing
  9895 | D:11     | Killed a purple ugly thing
 10172 | D:11     | Noticed a purple ugly thing
 10189 | D:11     | Killed a purple ugly thing
 10190 | D:11     | Reached skill level 14 in Invocations
 10851 | D:11     | Killed an oklob plant
 10852 | D:11     | Reached skill level 15 in Axes
 11056 | D:11     | Killed an oklob plant
 11200 | Lair:1   | Entered Level 1 of the Lair of Beasts
 11823 | Lair:1   | Reached XP level 12. HP: 35/84 MP: 21/23
 12082 | Lair:1   | Reached ****** piety under Hepliaklqana
 12275 | Lair:1   | Reached skill level 10 in Armour
 12411 | Lair:1   | Reached skill level 15 in Invocations
 12807 | Lair:2   | Noticed an eight-headed hydra
 12811 | Lair:2   | Found a frozen archway.
 12989 | Lair:2   | Found a hole to the Spider Nest.
 13125 | Lair:2   | Noticed a five-headed hydra
 13128 | Lair:2   | Killed an eight-headed hydra
 13452 | Lair:2   | Found a staircase to the Shoals.
 13490 | Lair:2   | Noticed a four-headed hydra
 13817 | Lair:2   | Killed a one-headed hydra
 13891 | Lair:2   | Killed a three-headed hydra
 13949 | Lair:2   | Reached skill level 16 in Invocations
 14076 | Lair:2   | Paralysed by a hornet for 1 turns
 14238 | Lair:2   | Identified the +8 spear "Lix Heiv" {antimagic, rElec rC-
                  | Dex+8}
 14539 | Lair:3   | Noticed a six-headed hydra
 14546 | Lair:3   | Killed a three-headed hydra
 14732 | Lair:3   | Noticed a catoblepas
 14739 | Lair:3   | Killed a catoblepas
 14740 | Lair:3   | Reached XP level 13. HP: 63/99 MP: 25/25
 14768 | Lair:3   | Reached skill level 17 in Invocations
 14800 | Lair:3   | Reached skill level 10 in Fighting
 14908 | Lair:3   | Found a gate leading to a gauntlet.
 14917 | Gauntlet | Entered a Gauntlet
 14917 | Gauntlet | Found a transporter.
 14917 | Gauntlet | Found a transporter.
 14919 | Gauntlet | Found a transporter.
 14919 | Gauntlet | Found a transporter.
 14946 | Gauntlet | Found a transporter.
 14948 | Gauntlet | Found a transporter.
 14951 | Gauntlet | Found a transporter.
 14951 | Gauntlet | Found a transporter.
 14968 | Gauntlet | Found a transporter.
 14982 | Gauntlet | Found a transporter.
 14982 | Gauntlet | Noticed a quicksilver ooze
 14990 | Gauntlet | Found a runed translucent door.
 14992 | Gauntlet | Found a transporter.
 14994 | Gauntlet | Found a runed translucent door.
 14996 | Gauntlet | Found a transporter.
 15039 | Gauntlet | Found a transporter.
 15053 | Gauntlet | Found a transporter.
 15231 | Gauntlet | Got the Anthology of Distorted Transformation
 15262 | Gauntlet | Killed a quicksilver ooze
 15266 | Gauntlet | Identified the ring of Mubladi {rF+ Int-3 Dex+5 Slay+3
                  | Stlth+}
 15335 | Gauntlet | Noticed a minotaur
 15355 | Gauntlet | Killed a minotaur
 15838 | D:2      | Bought a +3 plate armour of fire resistance for 630 gold
                  | pieces
 17364 | Lair:4   | Reached skill level 18 in Invocations
 17413 | Lair:4   | Found the -2 hat of the Alchemist {rElec rPois rF+ rC+ rN+
                  | Will+ rMut rCorr}
 17433 | Lair:4   | Upgraded the game from 0.30-a0-568-g124715a40b to
                  | 0.30-a0-571-gdf30a72648
 18115 | Orc:1    | Entered Level 1 of the Orcish Mines
 18358 | Orc:2    | Entered Level 2 of the Orcish Mines
 18358 | Orc:2    | Found a staircase to the Elven Halls.
 18692 | Orc:2    | Found a runed translucent gate.
 18692 | Orc:2    | Noticed bmack86's ghost (journeyman MiFi)
 18911 | Orc:2    | Found a runed translucent gate.
 18911 | Orc:2    | Found a runed translucent gate.
 19098 | Orc:1    | You fall into a shaft and drop 1 floor!
 19613 | Lair:5   | Entered Level 5 of the Lair of Beasts
 19902 | Lair:5   | Reached XP level 14. HP: 65/108 MP: 27/27
 20323 | Lair:5   | Reached skill level 19 in Invocations
 20739 | Lair:5   | Found a corrupted altar of Lugonu.
 20739 | Lair:5   | Found a one-way gate to the infinite horrors of the Abyss.
 20844 | Lair:5   | Noticed Rupert
 20857 | Lair:5   | Killed Rupert
 20969 | Lair:5   | Found a sacrificial altar of Ru.
 21211 | Lair:5   | Identified the +4 ring mail of the Dungeon {Stlth+}
 21368 | Lair:5   | Found a viscous altar of Jiyva.
 21368 | Lair:5   | Found a staircase to the Slime Pits.
 22193 | Orc:2    | Paralysed by something for 5 turns
 22379 | Orc:2    | Reached skill level 20 in Invocations
 22660 | Orc:2    | Found Vougajeaji's Antique Weapon Shoppe.
 22660 | Orc:2    | Found Kosimal's Assorted Antiques.
 22660 | Orc:2    | Found Zeihicke's Book Boutique.
 22660 | Orc:2    | Found Semn's Antique Weapon Emporium.
 22684 | Orc:2    | Bought a scroll of blinking for 210 gold pieces
 22823 | Orc:2    | Reached XP level 15. HP: 101/113 MP: 29/29
 24130 | D:12     | Reached skill level 1 in Evocations
 25442 | D:14     | Found a gate to the Vaults.
 25956 | D:14     | Found an ornate altar of the Wu Jian Council.
 26147 | Abyss:2  | Cast into level 2 of the Abyss (a wizard)
 26570 | Abyss:2  | Noticed a tentacled starspawn
 26580 | Abyss:2  | Killed a tentacled starspawn
 26581 | Abyss:2  | Reached skill level 21 in Invocations
 26592 | Abyss:2  | Noticed a tentacled starspawn
 26599 | Abyss:2  | Killed a tentacled starspawn
 26882 | Abyss:2  | Noticed an Executioner
 26891 | Abyss:2  | Killed an Executioner
 26892 | Abyss:2  | Reached XP level 16. HP: 106/124 MP: 28/30
 26943 | Abyss:2  | Reached skill level 5 in Evocations
 26945 | D:14     | Escaped the Abyss
 27188 | Shoals:1 | Entered Level 1 of the Shoals
 28171 | Shoals:2 | Noticed a kraken
 28197 | Shoals:2 | Killed a kraken
 29095 | Shoals:2 | Reached skill level 15 in Armour
 29508 | Shoals:2 | Identified the amulet "Tenopp" {RegenMP rElec Regen+}
 30214 | Shoals:3 | Noticed Bai Suzhen
 30418 | Spider:1 | Entered Level 1 of the Spider Nest
 30424 | Spider:1 | Reached skill level 22 in Invocations
 30433 | Lair:2   | Slain by a culicivora

Illustrated notes

Levels and vault maps discovered:
D:1:      evilmike_arrival_fibonacci_small, layout_rooms,
          chequers_ecumenical_altar_simple_redux, skrybe_limestone_x
D:2:      layout_loops_ring, basic_altar, serial_shops, shop,
          amcnicky_mini_corridor_feature
D:3:      layout_basic, nicolae_overflow_hallway_of_the_gods,
          grunt_ministairs_1, hangedman_glass_teeth
D:4:      kennysheep_big_flooded_room, layout_basic, uniq_ijyb, uniq_natasha,
          uniq_blork_the_orc
D:5:      layout_cave_pods, serial_glass, glass_columns_a, glass_columns_a
D:6:      layout_loops_ring, serial_bayou_lake_a, uniq_edmund
D:7:      layout_basic, temple_doors_e, uniq_joseph, uniq_pikel, uniq_duvessa
D:8:      nicolae_cairo_tiling_large, layout_gridville, minmay_tree_intersection
D:9:      layout_loops_cross, mainiacjoe_overflow_catwalk_spiral, serial_shops,
          kennysheep_mini_moat, st_stairs_3, minmay_misc_feat_plants,
          grunt_ministairs_2, kennysheep_minor_cross
D:10:     layout_long_grid, erik_orc_1, gammafunk_ghost_necromancy
D:11:     layout_roguey, dpeg_oklobed_lair, minmay_misc_feat_x, uniq_lodul
D:12:     layout_basic
D:13:     layout_irregular_city, hangedman_decor_push
D:14:     layout_gridville, erik_vaults_2, grunt_decor_junction,
          nzn_wu_jian_council_hall
Lair:1:   layout_gridlike, serial_bayou_shore_a, infiniplex_staircase_pool_2,
          grunt_megastairs_3
Lair:2:   lemuel_ratsnest, layout_hall_layers, elwin_shoals_entry_rooms,
          spider_nest_entry_rubble, portal_ice_cave_entry_pillars_1,
          dreamdust_wasp_nest
Lair:3:   layout_long_grid, gauntlet_entry_generic, st_stairs_10,
          chequers_serial_rivers_micro_b, kennysheep_abandoned_house,
          grunt_megastairs_5
Lair:4:   layout_loops_ring
Lair:5:   hellmonk_lair_end_abyssal_woods, layout_regular_city,
          dpeg_slime_entry_enclosed, basic_altar, grunt_megastairs_2,
          uniq_rupert
Shoals:1: layout_shoals
Shoals:2: layout_shoals, shoals_oasis, nicolae_shoals_pincushion_passage
Shoals:3: layout_shoals, uniq_bai_suzhen
Spider:1: layout_spider_delve, ebering_ghost_disaster_area,
          nicolae_spider_webs_and_nodes, nicolae_spider_rock_and_or_roll,
          uniq_frances
Orc:1:    layout_diamond_mine
Orc:2:    st_orc_ogre_mass, layout_diamond_mine, gammafunk_ghost_split

Skill      XL: |  1  2  3  4  5  6  7  8  9 10 11 12 13 14 15 16 |
---------------+-------------------------------------------------+-----
Axes           | 5 6 7 8 9 11 12 13 15 16 17 19 20 | 20.0
Invocations    | 1 2 3 4 6 7 9 11 12 14 16 18 20 21 22 | 22.0
Armour         | 4 5 7 9 10 11 13 14 15 | 15.3
Fighting       | 5 9 10 11 13 | 13.0
Evocations     | 4 7 |  7.1
Dodging        | |  2.4
Stealth        | |  1.5

Action                   |  1- 3 |  4- 6 |  7- 9 | 10-12 | 13-15 | 16-18 || total
-------------------------+-------+-------+-------+-------+-------+-------++-------
Melee: Hand axe          |    52 |    88 |   210 |   152 |       |       ||   502
       Punch             |       |       |     2 |     8 |     4 |       ||    14
       War axe           |       |       |       |   391 |   375 |       ||   766
       Whip              |       |       |       |     8 |       |       ||     8
       Battleaxe         |       |       |       |       |   319 |   193 ||   512
Throw: Dart              |       |       |     9 |     4 |    13 |     8 ||    34
Invok: Ancestor Life: Ba |     1 |       |       |       |       |       ||     1
       Recall Ancestor   |     1 |       |     1 |     2 |     9 |     5 ||    18
       Ancestor Identity |     1 |       |       |       |       |       ||     1
       Idealise          |       |       |     1 |     1 |     3 |     1 ||     6
       Transference      |       |       |     1 |       |     1 |     3 ||     5
Evoke: Wand              |       |       |       |     3 |     3 |     6 ||    12
       Phial of floods   |       |       |       |       |       |     1 ||     1
  Use: Scroll            |       |       |     9 |    17 |     7 |     5 ||    38
       Potion            |       |       |       |     2 |     2 |       ||     4
 Stab: Sleeping          |       |     1 |     1 |       |       |       ||     2
       Distracted        |       |       |     6 |     8 |    14 |     7 ||    35
Armor: Robe              |    14 |    26 |    13 |       |       |       ||    53
       Scale mail        |       |       |    59 |       |       |       ||    59
       Plate armour      |       |       |     9 |   342 |   383 |   187 ||   921
Dodge: Dodged            |    37 |    59 |    64 |   152 |   232 |   136 ||   680

Table legend: (Time is in decaauts)
 A = Elapsed time spent in this place.
 B = Non-inter-level travel time spent in this place.
 C = Inter-level travel time spent in this place.
 D = Time resting spent in this place.
 E = Time spent auto-exploring this place.
 F = Levels seen in this place.
 G = Mean time per level.
                   A        B        C        D        E       F      G
               +--------+--------+--------+--------+--------+-----+--------+
         Total |  30079 |  27875 |   2204 |   7822 |  13539 |  27 | 1114.0 |
       Dungeon |  15209 |  13793 |   1416 |   2943 |   8696 |  14 | 1086.4 |
          Lair |   7790 |   7223 |    567 |   2306 |   3186 |   5 | 1558.0 |
        Shoals |   3139 |   3073 |     66 |   1290 |   1138 |   3 | 1046.3 |
   Spider Nest |      6 |      6 |      0 |      0 |      0 |   1 |    6.0 |
  Orcish Mines |   2503 |   2349 |    154 |    564 |    466 |   2 | 1251.5 |
         Abyss |    768 |    768 |      0 |    441 |      0 |   1 |  768.0 |
      Gauntlet |    661 |    661 |      0 |    277 |     53 |   1 |  661.0 |
               +--------+--------+--------+--------+--------+-----+--------+

Top non-repeatable levels by time:
    D:11: 2326 daAuts
  Lair:5: 1999 daAuts
Shoals:2: 1885 daAuts
  Lair:2: 1848 daAuts
   Orc:2: 1608 daAuts
  Lair:1: 1583 daAuts
  Lair:3: 1302 daAuts
     D:6: 1253 daAuts
    D:12: 1240 daAuts
     D:9: 1224 daAuts
     D:7: 1202 daAuts
     D:4: 1122 daAuts
    D:10: 1089 daAuts
  Lair:4: 1057 daAuts
    D:13: 1004 daAuts
